 Dungeon Crawl Stone Soup version 0.28.0 (webtiles) character file.

Game seed: 12498914473319084588

25893 willcat the Fighter (level 12, -16/113 HPs)
             Began as a Minotaur Gladiator on Feb 4, 2022.
             Was a Believer of Trog.
             Demolished by Kirke (31 damage)
             ... on level 5 of the Lair of Beasts.
             The game lasted 00:21:38 (19535 turns).

willcat the Fighter (Minotaur Gladiator)           Turns: 19535, Time: 00:21:39

Health: -16/113    AC:  0    Str: 24    XL:     12   Next: 93%
Magic:  11/11      EV: 18    Int:  5    God:    Trog [**....]
Gold:   758        SH:  5    Dex: 12    Spells: 11/11 levels left

rFire   . . .      SeeInvis .   (weapon currently unavailable)
rCold   . . .      Faith    .   (shield currently unavailable)
rNeg    . . .      Spirit   .   (armour currently unavailable)
rPois   .          Reflect  +   (helmet currently unavailable)
rElec   .          Harm     .   (cloak currently unavailable)
rCorr   .          Rampage  .   (gloves currently unavailable)
Will    .....                   (boots currently unavailable)
Stlth   +.........              H - amulet of reflection
HPRegen 0.28/turn               (ring currently unavailable)
MPRegen 0.12/turn               (ring currently unavailable)

@: pig-form, on berserk cooldown, slowed
A: fast, no casting, small, (horns 2), (retaliatory headbutt)
a: Renounce Religion, Berserk, Trog's Hand


You were on level 5 of the Lair of Beasts.
You worshipped Trog.
Trog was pleased with you.
You were a filthy swine.
You visited 3 branches of the dungeon, and saw 14 of its levels.
You also visited: Ice Cave.

You collected 758 gold pieces.

Inventory:

Hand Weapons
 a - a +2 vorpal war axe
 b - the +7 whip "Ytawail" (melded) {protect, +Blink rPois rF++}
   (You found it on level 2 of the Lair of Beasts)

   It grants its wielder temporary protection when it strikes (+7 to AC).
   rF:        It greatly protects you from fire.
   rPois:     It protects you from poison.
   +Blink:    It lets you blink.
Missiles
 d - 5 throwing nets (quivered)
Armour
 c - a +0 hat (melded)
 i - a +0 pair of boots (melded)
 j - a +0 plate armour (melded)
 s - a +0 cloak (melded)
Jewellery
 k - a ring of resist corrosion (melded)
 p - a ring of fire
 u - a ring of protection from cold (melded)
 D - a ring of fire
 H - an amulet of reflection (around neck)
Wands
 m - a wand of iceblast (11)
 w - a wand of flame (20)
 x - a wand of acid (7)
 y - a wand of paralysis (7)
Scrolls
 e - 3 scrolls of immolation
 f - 2 scrolls of teleportation
 n - a scroll of torment
 t - 3 scrolls of fog
 E - 2 scrolls of magic mapping
 F - a scroll of identify
 J - a scroll of blinking {unknown}
Potions
 g - a potion of haste {unknown}
 h - a potion of attraction {unknown}
 l - 4 potions of curing
 o - 2 potions of magic
 q - 2 potions of lignification {unknown}
 r - a potion of berserk rage
 v - 6 potions of heal wounds
 z - 3 potions of invisibility {unknown}
 A - 3 potions of flight {unknown}
 B - a potion of ambrosia {unknown}
 C - 2 potions of might
 G - 2 potions of brilliance {unknown}
 I - a potion of mutation {unknown}


   Skills:
 + Level 12.6 Fighting
 + Level 11.6(12.1) Axes
 - Level 5.3(9.2) Maces & Flails
 - Level 2.0 Throwing
 + Level 12.3 Armour
 + Level 10.3 Dodging
 + Level 8.8 Evocations


You had 11 spell levels left.
You didn't know any spells.
Your spell library contained the following spells:

 Spells                   Type           Power      Damage    Failure   Level
 Sandblast                Erth           0%         2d4       47%         1
 Passwall                 Tmut/Erth      0%         N/A       63%         2
 Conjure Flame            Conj/Fire      0%         6-21      85%         3
 Dazzling Flash           Conj/Hex       0%         N/A       85%         3
 Ignite Poison            Fire/Tmut/Pois 0%         N/A       85%         3
 Stone Arrow              Conj/Erth      0%         3d7       85%         3
 Sticky Flame             Conj/Fire      0%         2d3       99%         4
 Agony                    Necr           0%         N/A       100%        5
 Silence                  Hex/Air        0%         N/A       100%        5


Dungeon Overview and Level Annotations

Branches:
Dungeon (8/15)             Temple (1/1) D:6            Lair (5/6) D:8
 Shoals (0/4) Lair:2        Snake (0/4) Lair:2        IceCv (visited)
  Slime: Lair:5-6

Altars:
Ashenzari
Cheibriados
Dithmenos
Elyvilon
Fedhas
Gozag
Hepliaklqana
Makhleb
Nemelex Xobeh
Okawaru
Qazlal
Ru
Sif Muna
Trog
Uskayaw
Vehumet
Wu Jian
Xom
Zin
The Shining One

Annotations:
Lair:5 Kirke


Innate Abilities, Weirdness & Mutations

You are a filthy swine.
You move quickly.
Your equipment is almost entirely melded.
You are incapable of wielding weapons or throwing items.
You cannot cast spells.
((You have a pair of horns on your head.))
((You reflexively headbutt those who attack you in melee.))


Message History

Your ring of protection from cold melds into your body.
The +7 whip "Ytawail" {protect, +Blink rPois rF++} goes still.
Unknown command.
Unknown command.
You closely miss Kirke.
Kirke is moderately wounded.
Kirke whispers, "Not even holy moly will save you."
You block Kirke's attack.
You closely miss Kirke.
Kirke is moderately wounded.
Kirke gestures at you while chanting.
You feel as though you will be slow longer.
You closely miss Kirke.
Kirke is moderately wounded.
Kirke casts a spell at you.
You feel as though you will be slow longer.
Unknown command.
You bite Kirke!
Kirke is moderately wounded.
Kirke barely misses you.
Aiming: Corrosive Bolt
Press: ? - help, Shift-Dir - straight line, f - hog
Aim: a hog (lightly wounded, 77% to hit)
The bolt of acid hits Kirke!!
The acid corrodes Kirke!
Kirke is heavily wounded.
The bolt of acid hits the hog!
The hog is heavily wounded.
Kirke hits you with a +0 war axe!! x2
* * * LOW HITPOINT WARNING * * *
Unknown command.
Aiming: Corrosive Bolt
Press: ? - help, Shift-Dir - straight line, f/p - hog
Aim: a hog (heavily wounded, 77% to hit)
The bolt of acid hits Kirke!!
Kirke is severely wounded.
The bolt of acid hits the hog!!
You kill the hog!
Trog accepts your kill. Kirke hits you with a +0 war axe!!
You die...

..........####.....P#
........#.#,.......##
...#.####.##.#.....#
....#........#.....#*
........###.##....#.#
.##....†.....)...P###
.#.#.......#...h.##
.............kh@##
##...P.....#..h#h#
.##.....######.###
#........# ###
......#.## .##.....##
###......#*
####....#.#
.##...#.###
...#.#..P#


You could see Kirke (strong, corroded), a lindwurm (summoned) and 2 hogs.

Vanquished Creatures
  The ghost of Selrock the Grappler, a journeyman TrMo of Okawaru (Lair:1)
  2 hydras
  A fire crab (Lair:3)
  An ugly thing (IceCv)
  8 elephants
  3 ice statues (IceCv)
  4 black mambas
  A merfolk siren (Lair:2)
  2 torpor snails
  3 rime drakes
  4 cane toads
  A freezing wraith (IceCv)
  An anaconda simulacrum (IceCv)
  4 komodo dragons
  A meliai (Lair:5)
  3 polar bears
  Grinder (D:3)
  2 dream sheep (Lair:4)
  14 blink frogs
  A dire elephant simulacrum (IceCv)
  4 wyverns
  16 yaks
  4 hogs (Lair:5)
  5 basilisks
  3 death yak simulacra (IceCv)
  A harpy simulacrum (IceCv)
  4 nagas (Lair:2)
  9 water moccasins
  An orc warrior (D:8)
  3 black bears
  A sky beast (D:7)
  Pargi (D:3)
  2 ice beasts
  3 ogres
  4 wolves (Lair:2)
  A centaur (D:7)
  2 kobold brigands (D:6)
  A cane toad simulacrum (IceCv)
  7 bullfrogs
  A wyvern zombie (D:7)
  A gnoll sergeant (D:8)
  A scorpion (D:4)
  A wyvern skeleton (D:7)
  6 killer bees (D:7)
  An elephant simulacrum (IceCv)
  4 wights (D:8)
  A vampire bat (D:3)
  A centaur zombie (D:5)
  2 bullfrog zombies
  2 jellies
  5 orc priests
  A centaur skeleton (D:6)
  3 hounds
  A gnoll shaman (D:5)
  3 iguanas
  Terence (D:3)
  7 orc wizards
  Ijyb (D:3)
  A wolf simulacrum (IceCv)
  2 killer bee zombies (D:5)
  7 adders
  13 gnolls
  A howler monkey skeleton (D:4)
  A shadow imp (D:6)
  2 white imps
  An ufetubus (D:5)
  An adder skeleton (D:5)
  4 worms
  A dart slug (D:1)
  3 fire bats (D:3)
  12 orcs
  2 spectral bats (D:3)
  3 bat skeletons (D:3)
  A bat zombie (D:3)
  8 endoplasms
  2 giant cockroaches
  11 hobgoblins
  17 kobolds
  6 quokkas
  9 ball pythons
  13 bats
  A bat simulacrum (D:3)
  11 frilled lizards
  5 rats
311 creatures vanquished.

Vanquished Creatures (others)
  28 fungi
  44 plants
72 creatures vanquished.

Grand Total: 383 creatures vanquished

Notes
Turn   | Place    | Note
-------+----------+-------------------------------------------
     0 | D:1      | willcat the Minotaur Gladiator began the quest for the Orb.
     0 | D:1      | Reached XP level 1. HP: 18/18 MP: 0/0
   423 | D:1      | Reached XP level 2. HP: 25/25 MP: 1/1
   578 | D:1      | Reached skill level 1 in Armour
  1207 | D:1      | Reached XP level 3. HP: 28/31 MP: 2/2
  1561 | D:2      | Found a glowing silver altar of Zin.
  1766 | D:2      | Reached XP level 4. HP: 36/38 MP: 3/3
  1932 | D:2      | Found a faded altar of an unknown god.
  2659 | D:3      | Noticed Terence
  2660 | D:3      | Noticed Ijyb
  2747 | D:3      | Reached XP level 5. HP: 44/46 MP: 4/4
  2760 | D:3      | Noticed Pargi
  2781 | D:3      | Killed Pargi
  2782 | D:3      | Reached skill level 5 in Axes
  2791 | D:3      | Reached XP level 6. HP: 44/53 MP: 5/5
  2905 | D:3      | Reached skill level 5 in Fighting
  3027 | D:3      | Killed Ijyb
  3411 | D:4      | Noticed Grinder
  3412 | D:4      | Reached skill level 1 in Evocations
  3412 | D:4      | Reached XP level 7. HP: 40/61 MP: 6/6
  3643 | D:3      | Killed Terence
  3859 | D:4      | Reached skill level 1 in Maces & Flails
  3937 | D:4      | Paralysed by Grinder for 2 turns
  3942 | D:4      | Paralysed by Grinder for 7 turns
  3959 | D:3      | HP: 3/62 [Grinder (7)]
  3960 | D:3      | Killed Grinder
  3961 | D:3      | Reached skill level 5 in Armour
  4625 | D:5      | Entered Level 5 of the Dungeon
  4833 | D:4      | Reached XP level 8. HP: 28/71 MP: 7/7
  6870 | D:6      | Found a staircase to the Ecumenical Temple.
  6889 | D:6      | Reached XP level 9. HP: 51/79 MP: 8/8
  7382 | Temple   | Entered the Ecumenical Temple
  7761 | Temple   | Became a worshipper of Trog the Wrathful
  8078 | D:7      | Reached skill level 5 in Dodging
  8668 | D:8      | Found a shimmering altar of Xom.
  8920 | D:8      | Reached skill level 5 in Evocations
  9191 | D:8      | Found a staircase to the Lair.
  9191 | D:8      | Noticed a komodo dragon
  9226 | D:8      | Killed a komodo dragon
  9226 | D:8      | Reached * piety under Trog
  9612 | Lair:1   | Entered Level 1 of the Lair of Beasts
  9741 | Lair:1   | Found a runed translucent gate.
  9741 | Lair:1   | Found a runed translucent gate.
  9741 | Lair:1   | Found a runed translucent gate.
  9742 | Lair:1   | Noticed Selrock's ghost (journeyman TrMo)
  9758 | Lair:1   | Noticed a komodo dragon
  9774 | Lair:1   | Killed a komodo dragon
  9775 | Lair:1   | Reached XP level 10. HP: 45/90 MP: 9/9
 10551 | Lair:1   | Noticed a black mamba
 10558 | Lair:1   | Killed a black mamba
 10844 | Lair:1   | Killed Selrock's ghost
 11149 | Lair:2   | Found a staircase to the Snake Pit.
 11175 | Lair:2   | Reached skill level 10 in Fighting
 11521 | Lair:2   | Noticed an elephant
 11522 | Lair:2   | Noticed an elephant
 11524 | Lair:2   | Noticed an elephant
 11533 | Lair:2   | Killed an elephant
 11539 | Lair:2   | Killed an elephant
 11540 | Lair:2   | Reached XP level 11. HP: 100/100 MP: 10/10
 11895 | Lair:2   | Reached skill level 10 in Armour
 11963 | Lair:2   | Found a staircase to the Shoals.
 11995 | Lair:2   | Identified the +7 whip "Ytawail" {protect, +Blink rPois
                  | rF++}
 12994 | Lair:3   | Reached skill level 5 in Maces & Flails
 14231 | Lair:3   | Reached skill level 10 in Axes
 14239 | Lair:3   | HP: 5/102 [poisoned by a cane toad]
 14243 | Lair:3   | HP: 2/102 [poisoned by a cane toad]
 14657 | Lair:3   | Reached ** piety under Trog
 15115 | Lair:4   | Noticed a seven-headed hydra
 15153 | Lair:4   | Noticed a fire crab
 15153 | Lair:4   | Noticed an eight-headed hydra
 15360 | Lair:3   | Killed a fire crab
 15981 | Lair:4   | Killed an eight-headed hydra
 15982 | Lair:4   | Reached XP level 12. HP: 101/110 MP: 11/11
 16933 | Lair:5   | Found a frozen archway.
 16984 | IceCv    | Entered an ice cave
 18506 | Lair:5   | Noticed a four-headed hydra
 18515 | Lair:5   | Noticed Kirke
 18533 | Lair:5   | HP: 5/112 [hog[Kirke] (7)]
 18533 | Lair:5   | HP: 2/112 [hog[Kirke] (3)]
 18940 | Lair:5   | Reached skill level 10 in Dodging
 19464 | Lair:5   | Noticed a six-headed hydra
 19492 | Lair:5   | Killed a six-headed hydra
 19535 | Lair:5   | Demolished by Kirke

Illustrated notes

Levels and vault maps discovered:
D:1:      minmay_arrival_up_and_down, layout_loops_ring, serial_bayou,
          serial_bayou_ford_a, serial_bayou_crossing, serial_bayou_pond_e,
          serial_bayou_shore_b, minmay_tree_intersection,
          chequers_serial_rivers_room_b, grunt_decor_resistance,
          minmay_misc_feat_cross, minmay_misc_feat_four_crosses,
          nicolae_concentric_dashed_squares_mild, minmay_tiny_reverse_x
D:2:      layout_basic, hellmonk_ecumenical_altar_blasted, basic_altar
D:3:      layout_rooms, goddamned_bats, uniq_pargi, uniq_ijyb, uniq_terence
D:4:      layout_rooms, hangedman_decor_riveting, corner_web_ring, uniq_grinder
D:5:      layout_layer_cave
D:6:      layout_loops_cross, temple_statues, minmay_unpleasant_kobolds
D:7:      layout_basic
D:8:      layout_cave_pools, brannock_xom_greatest_gift, david_lair_shrubbed
Temple:   mainiacjoe_temple_trianglar_array
Lair:1:   layout_chaotic_city, ebering_ghost_rock_garden, serial_bayou_shore_b
Lair:2:   layout_loops_ring, minmay_shoals_entry_lonely_mermaid,
          minmay_snake_entry_guardpost_large
Lair:3:   layout_cellular_growth, grunt_megastairs_2, serial_bayou_shore_b
Lair:4:   layout_big_grid, st_stairs_13
Lair:5:   layout_misc_corridors, special_room [special_room_bee],
          portal_ice_cave_entry_pillars_1, beast_lair_carwin_5,
          lemuel_fruit_tree, infiniplex_staircase_pool, grunt_megastairs_4,
          uniq_kirke

Skill      XL: |  1  2  3  4  5  6  7  8  9 10 11 12 |
---------------+-------------------------------------+-----
Armour         | 1 2 3 4 5 7 8 9 11 12 | 12.3
Fighting       | 3 4 5 6 7 8 10 11 12 | 12.6
Axes           | 4 5 6 8 9 10 11 | 11.6
Evocations     | 1 2 4 5 6 7 8 |  8.8
Maces & Flails | 2 4 5 |  5.3
Dodging        | 4 6 7 9 10 | 10.3
Throwing       | |  2.0

Action                   |  1- 3 |  4- 6 |  7- 9 | 10-12 || total
-------------------------+-------+-------+-------+-------++-------
Melee: War axe           |    70 |   142 |   158 |   381 ||   751
       Headbutt          |     3 |    16 |    48 |   165 ||   232
       Morningstar       |       |       |   136 |       ||   136
       Punch             |       |       |     6 |     7 ||    13
       Whip              |       |       |       |   185 ||   185
       Unarmed           |       |       |       |     4 ||     4
Invok: Berserk           |       |       |       |    11 ||    11
Evoke: Wand              |       |       |     8 |    10 ||    18
  Use: Potion            |       |     1 |     1 |     1 ||     3
       Scroll            |       |       |     6 |    10 ||    16
 Stab: Sleeping          |     1 |       |       |       ||     1
Armor: Leather armour    |    10 |       |       |       ||    10
       Plate armour      |    13 |   153 |   260 |   369 ||   795
Dodge: Dodged            |    30 |    85 |   128 |   296 ||   539
Block: Other             |       |       |       |    39 ||    39
